 Dungeon Crawl Stone Soup version 0.20.1-1-g8b1a95d (webtiles) character file.

115 ANON1729 the Sneak (level 5, -2/32 HPs)
             Began as an Octopode Fire Elementalist on Aug 8, 2017.
             Slain by Natasha (8 damage)
             ... on level 2 of the Dungeon.
             The game lasted 00:05:29 (2634 turns).

ANON1729 the Sneak (Octopode Fire Elementalist)     Turns: 2634, Time: 00:05:30

Health: -2/32      AC:  1    Str:  7    XL:     5   Next: 0%
Magic:  6/8        EV: 18    Int: 18    God:
Gold:   104        SH:  0    Dex: 13    Spells: 8/9 levels left

rFire    . . .     SeeInvis .     - Unarmed
rCold    . . .     Gourm    .   (no shield)
rNeg     . . .     Faith    .   (helmet restricted)
rPois    .         Spirit   .   j - amulet of inaccuracy (curse)
rElec    .         Reflect  .   c - +4 ring of evasion
rCorr    .         Harm     .   (no ring)
MR       .....                  (no ring)
Stlth    +++.......             (no ring)
Regen    0.1/turn               (no ring)
MPRegen  0.2/turn               (no ring)
                                (no ring)
                                (no ring)

@: no status effects
A: almost no armour, stealthy swim, amphibious, 8 rings, constrict 8, camouflage
1, gelatinous body 1
a: no special abilities


You were on level 2 of the Dungeon.
You were not hungry.

You visited 1 branch of the dungeon, and saw 2 of its levels.

You collected 104 gold pieces.

Inventory:

Jewellery
 c - a +4 ring of evasion (left tentacle)
 j - a cursed amulet of inaccuracy (around mantle)
 k - an uncursed ring of magical power {unknown}
Scrolls
 d - 2 scrolls of identify
 e - 2 scrolls of amnesia
 f - a scroll of teleportation
 g - a scroll of remove curse {unknown}
Potions
 l - a potion of heal wounds {unknown}
Books
 a - a book of Flames

   Spells                             Type                      Level
   a - Flame Tongue                   Conjuration/Fire             1
   b - Throw Flame                    Conjuration/Fire             2
   c - Conjure Flame                  Conjuration/Fire             3
   d - Inner Flame                    Hexes/Fire                   3
   e - Sticky Flame                   Conjuration/Fire             4
   f - Fireball                       Conjuration/Fire             5
Comestibles
 b - 3 bread rations
 h - a meat ration
 i - a chunk of flesh


   Skills:
 - Level 0.4 Fighting
 + Level 2.9 Dodging
 - Level 4.0 Stealth
 - Level 1.3 Unarmed Combat
 + Level 2.6 Spellcasting
 + Level 1.4 Conjurations
 + Level 3.4 Fire Magic


You had 8 spell levels left.
You knew the following spells:

 Your Spells              Type           Power        Failure   Level  Hunger
a - Flame Tongue          Conj/Fire      ##...        6%          1    #......


Dungeon Overview and Level Annotations

Branches:
Dungeon (2/15)

Altars:
Ru

Annotations:
D:2 Natasha


Innate Abilities, Weirdness & Mutations

You cannot wear most types of armour.
You are very stealthy in the water. (Stealth+)
You are amphibious.
You can wear up to eight rings at the same time.
You can use your tentacles to constrict eight enemies at once.
Your skin changes colour to match your surroundings (Stealth+).
Your rubbery body absorbs attacks. (AC +1, EV +1)


Message History

Press: ? - help, Shift-Dir - straight line, f - Natasha
Aim: Natasha (constricted by you)
The flame tongue hits Natasha.
Natasha is moderately wounded.
You constrict Natasha, but do no damage.
Natasha casts a spell at you. The magic dart hits you!
* * * LOW HITPOINT WARNING * * *
Casting: Flame Tongue
Confirm with . or Enter, or press ? or * to list all spells.
Aiming: Flame Tongue
Press: ? - help, Shift-Dir - straight line, f/p - Natasha
Aim: Natasha (moderately wounded, constricted by you)
The flame tongue hits Natasha.
Natasha appears unharmed.
Natasha is moderately wounded.
You constrict Natasha.
Natasha wildly gestures.
Natasha glows brightly for a moment.
Natasha claws you!
You die...

#...# #.##.########
#...###.##...# #.
#.......(#...#####.
######........#.........
..............#...#....#
####.#........#...#....#
#.#........#...#....#
#....h.#.......#....#
#...@.........##....#
##.†...#......#######
#######......#
#.....)#######
#......)......
#.....########
######.....#
#..........#
#.......####


You could see Natasha.

Vanquished Creatures
  Natasha (D:2)
  3 adders (D:2)
  5 worms (D:2)
  A dart slug (D:1)
  A leopard gecko (D:2)
  2 giant cockroaches
  5 goblins
  6 hobgoblins
  5 kobolds
  A ball python (D:1)
  10 bats
  2 frilled lizards (D:2)
  7 rats
49 creatures vanquished.

Vanquished Creatures (others)
  A leopard gecko (D:1)
1 creature vanquished.

Grand Total: 50 creatures vanquished

Notes
Turn   | Place    | Note
-------+----------+-------------------------------------------
     0 | D:1      | ANON1729 the Octopode Fire Elementalist began the quest for the Orb.
     0 | D:1      | Reached XP level 1. HP: 11/11 MP: 3/3
   503 | D:1      | Reached XP level 2. HP: 14/17 MP: 5/5
   972 | D:2      | Reached XP level 3. HP: 15/21 MP: 6/6
  1012 | D:2      | Reached skill level 1 in Unarmed Combat
  1019 | D:2      | Reached skill level 3 in Stealth
  1020 | D:2      | HP: 1/21 [poisoned by an adder]
  1311 | D:2      | Found a sacrificial altar of Ru.
  1355 | D:2      | Noticed Natasha
  1365 | D:2      | Killed Natasha
  1365 | D:2      | Reached XP level 4. HP: 4/27 MP: 0/7
  2424 | D:2      | Reached skill level 4 in Stealth
  2617 | D:2      | Noticed Natasha
  2628 | D:2      | Reached XP level 5. HP: 26/32 MP: 8/8
  2634 | D:2      | Slain by Natasha

Skill      XL: |  1  2  3  4 |
---------------+-------------+-----
Unarmed Combat | 1 |  1.3
Stealth        | 3 4 |  4.0
Fighting       | |  0.4
Dodging        | |  2.9
Spellcasting   | |  2.6
Conjurations   | |  1.4
Fire Magic     | |  3.4

Action                   |  1- 3 |  4- 6 || total
-------------------------+-------+-------++-------
Melee: Unarmed           |    79 |   115 ||   194
       Constrict         |    21 |    19 ||    40
       Tentacles         |    10 |     9 ||    19
       Punch             |       |     1 ||     1
 Cast: Flame Tongue      |    11 |    16 ||    27
  Use: Scroll            |     2 |       ||     2
 Stab: Sleeping          |     5 |     6 ||    11
       Distracted        |     1 |     1 ||     2
  Eat: Chunk             |     2 |     4 ||     6
Armor: Skin              |     7 |    14 ||    21
Dodge: Dodged            |    93 |   110 ||   203
